[Event "FIDE Zonal 4-2 Open 2023"]
[Site "Dimbroko"]
[Date "2023.03.30"]
[Round "7.10"]
[White "Foday W. Kondoh"]
[Black "Semeko, Lumen Paco"]
[Result "1-0"]
[ECO "C13"]
[WhiteElo "1727"]
[BlackElo "1483"]
[Annotator "NA RC COMBH"]
[PlyCount "112"]
[EventDate "2023.03.25"]
[EventType "swiss"]
[EventCountry "IVO"]
[SourceTitle "playchess.com"]
[Source "ChessBase"]
[SourceQuality "1"]
[TimeControl "40/5400+30:1800+30"]

1. d4 d5 2. Nc3 Nf6 3. Bg5 e6 4. e4 dxe4 5. Bxf6 Qxf6 6. Nxe4 Qd8 7. Nf3 Nd7 8. Bc4 Be7 9. d5 exd5 10. Qxd5 O-O 11. Rd1 Qe8 12. Bb3 Nf6 13. Nxf6+ Bxf6+ 14. Kf1 c6 15. Qd3 Bg4 16. c3 Rd8 17. Qe3 Qxe3 18. fxe3 Bxf3 19. gxf3 Rxd1+ 20. Bxd1 Rd8 21. Ke2 Rd5 22. Bb3 Rh5 23. h3 Kf8 24. f4 g5 25. Kf3 gxf4 26. Kxf4 Ke7 27. e4 h6 28. Ke3 Rg5 29. Bd1 b5 30. Bg4 Rg8 31. Rd1 Rd8 32. Rxd8 Kxd8 33. Kf4 b4 34. e5 Bg5+ 35. Kf5 bxc3 36. bxc3 Ke7 37. Bf3 Bd2 38. c4 c5 39. Ke4 f6 40. Kd5 Bb4 41. e6 Ba3 42. Bg4 Bb4 43. Kc6 a5 44. Kb5 Kd6 45. Ka4 h5 46. Bxh5 Kxe6 47. a3 Be1 48. Kb5 Kd6 49. Bg4 Bc3 50. h4 Bb2 51. a4 Bc3 52. h5 Bd2 53. Bh3 Ke5 54. Kxc5 f5 55. Kb6 f4 56. c5 Kd5 1-0

[Event "FIDE Zonal 4-2 Open 2023"]
[Site "Dimbroko"]
[Date "2023.03.30"]
[Round "7.11"]
[White "AKA JUSTIN JEAN-ROBERT KOUMI"]
[Black "Mambe, Lobognon Anderson Ol"]
[Result "0-1"]
[ECO "B06"]
[WhiteElo "1833"]
[BlackElo "1916"]
[Annotator "TA"]
[PlyCount "106"]
[EventDate "2023.03.25"]
[EventType "swiss"]
[EventCountry "IVO"]
[SourceTitle "playchess.com"]
[Source "ChessBase"]
[SourceQuality "1"]
[TimeControl "40/5400+30:1800+30"]

1. e4 g6 2. d4 Bg7 3. Nc3 d6 4. Be3 c6 5. Qd2 a5 6. Be2 {[%emt 0:01:40] B06: Modern Defence.} Nf6 7. h3 (7. a4 $16) 7... Nbd7 {[%emt 0:02:32] [#]} 8. Nf3 $146 {[%emt 0:00:51] White is slightly better.} ({Predecessor:} 8. Bf3 Qc7 9. Nge2 b5 10. a3 O-O 11. O-O e5 12. d5 cxd5 13. Nxd5 Nxd5 14. Qxd5 {0-1 Franco Valencia,A-Agnello,S Pan American-ch U14 Girls 2001 (6)}) 8... a4 9. e5 Nd5 10. Nxd5 cxd5 11. exd6 exd6 12. O-O O-O 13. Bf4 Qb6 14. c3 Nf6 15. Bd3 Ne4 16. Qc2 Re8 17. Rfe1 f5 18. Nd2 Bd7 19. f3 Nf6 (19... Rf8 {is interesting.} 20. Rab1 Rac8 21. fxe4 fxe4 22. Bxe4 Bxd4+ 23. Kh2 Rxf4 24. Bxd5+ Kh8) 20. Rxe8+ Bxe8 21. Re1 Bf7 22. g4 (22. Re7 a3 $14) 22... fxg4 23. hxg4 (23. fxg4 a3 $11) 23... Qc6 (23... Ne8 $142) 24. Nf1 (24. Re7 Nd7 $14) (24. Nb1 $142) 24... a3 25. b3 Rc8 {[%emt 0:00:25] [#]} 26. Bd2 (26. Rc1 $1 $16) 26... Nd7 ({Better is} 26... b5 $1 $14) 27. Qc1 $16 (27. Re7 Bf6 28. Rxf7 Kxf7 $17) 27... Ra8 28. Ng3 (28. Re7 $6 b5 $14) 28... Qc7 29. Kg2 Nf8 (29... b6 {is a better defense.} 30. f4 (30. Re7 Bf8 $16) 30... b5) 30. Rh1 Qa5 (30... Qc8 $142 31. Qe1 Qd7) 31. f4 $18 Rc8 32. Qe1 Re8 33. Qf2 b5 34. f5 Qb6 35. f6 Bh8 36. Ne2 Re6 37. g5 Qc6 {[%emt 0:03:42] Black is weak on the dark squares} 38. Nf4 Re8 39. Qh4 h5 $2 (39... Qd7 40. Kf2 h5 41. gxh6 Nh7) 40. gxh6 Kh7 41. Kf2 (41. Nh3 $142 {Threatening mate with Ng5+.} Ne6 42. Re1) 41... b4 (41... Re4 $142 42. Rg1 Qc7 43. Bxe4 (43. Bxb5 Ne6 $18) 43... dxe4) 42. Rg1 (42. Nh3 $142 {Intending Ng5+ and mate.} Ne6 43. cxb4) 42... Re4 43. Bxe4 dxe4 44. c4 (44. cxb4 Qc2 45. Ke2 Qxa2 $11) 44... d5 45. c5 $2 (45. Bxb4 Bxf6 46. Qg3 (46. Rg5 $2 dxc4 47. Bxa3 cxb3 $19) 46... Bxd4+ 47. Kg2 Bxg1 48. Bxf8 Bd4 $11) (45. Nxd5 $18 Bxd5 46. cxd5 Qxd5 47. Ke3 (47. Bxb4 Qxd4+ 48. Kg2 Qxb4 $17)) 45... Bxf6 $11 (45... Qxf6 $2 46. Qxf6 Bxf6 47. c6 $18 (47. Bxb4 Bxd4+ 48. Kg2 Bxg1 $14)) 46. Qg3 {[%emt 0:01:58] Black must now prevent Qe3.} Bxd4+ 47. Be3 $2 {[%emt 0:00:16] [#]} (47. Ke2 $1 $11) 47... Qxc5 $2 (47... Be5 $1 $19 {Strongly threatening ...d4.} 48. Rf1 (48. Qg5 $2 Bf6 $19) 48... d4) 48. Re1 Qc3 {[%emt 0:03:38] Hoping for ...Be5. Dancing on a razor blade.} (48... Ne6 $5 49. Rf1 Qd6 $15) 49. Bxd4 Qxd4+ 50. Qe3 ({White should try} 50. Kg2 $1 $11) 50... Qf6 $36 {[%emt 0:00:58][%mdl 2048] White is under pressure.} 51. Ke2 $2 (51. Kg1 $11) 51... g5 $19 (51... Kxh6 52. Nxd5+ g5 53. Nxf6 Ne6 54. Qxe4 Kg7 55. Qe5 Kg6 56. Rh1) 52. Nh3 Bh5+ 53. Kd2 Qb2# {[%emt 0:52:05] Never resign too early! An entertaining game by Mambe.   Weighted Error Value: White=0.73/Black=0.32} 0-1

[Event "FIDE Zonal 4-2 Open 2023"]
[Site "Dimbroko"]
[Date "2023.03.30"]
[Round "8.1"]
[White "Daniel Kolliemelen"]
[Black "Ortega Amarelle, Mariano"]
[Result "0-1"]
[ECO "D00"]
[WhiteElo "1805"]
[BlackElo "2472"]
[Annotator "TA"]
[PlyCount "76"]
[EventDate "2023.03.25"]
[EventType "swiss"]
[EventCountry "IVO"]
[SourceTitle "playchess.com"]
[Source "ChessBase"]
[SourceQuality "1"]
[TimeControl "40/5400+30:1800+30"]

1. d4 Nf6 2. e3 d5 3. f4 Bf5 4. Nf3 e6 5. Bd3 Bd6 6. O-O c5 7. c3 ({White should try} 7. Bxf5 $11 exf5 8. Qd3) 7... O-O $15 8. Qe2 {[%emt 0:00:16] Black is slightly better.} Nc6 9. Nbd2 (9. b3 $15 {is superior.}) 9... Bxd3 $17 10. Qxd3 cxd4 11. cxd4 Rc8 12. a3 Na5 13. Ne5 Qc7 {[%emt 0:00:00] Black keeps a firm grip on the game.} 14. b4 Nc4 15. Nexc4 dxc4 16. Qc2 b5 17. g3 a5 18. Rb1 (18. bxa5 $142 Qxa5 19. e4) 18... axb4 $19 19. axb4 Nd5 20. Ne4 Nxb4 ({Don't take} 20... Bxb4 21. Ng5 g6 22. e4 $14) 21. Qg2 {[%emt 0:00:40] Hoping for Nxd6.} Be7 22. Ba3 (22. Bd2 {keeps fighting.} Nd5 23. Rxb5) 22... Nd5 {[%emt 0:00:00][%csl LRa3,LRe3][%mdl 64] [#] Discovered Attack} 23. Bxe7 Qxe7 24. Rfe1 b4 25. Nc5 Rxc5 26. dxc5 Qxc5 {[%emt 0:00:00] White is weak on the light squares} 27. Qf2 f5 28. e4 Qxf2+ 29. Kxf2 fxe4 30. Rxe4 Nc3 31. Rxc4 Nxb1 32. Rxb4 {[%emt 0:00:11][%mdl 4096] Endgame KRN-KR} Nc3 33. Rb7 e5 34. Rc7 Nd5 35. Rc5 Nf6 {[%emt 0:00:00] ( -> ...Ne4+)} 36. h3 {[%emt 0:00:42] [#]} (36. Ke2 $19 exf4 37. gxf4) 36... Ne4+ {[%emt 0:00:00] Black mates.} 37. Ke3 Nxc5 38. fxe5 Re8 {[%emt 0:00:00] Weighted Error Value: White=0.51/Black=0.07 (flawless)} 0-1

[Event "FIDE Zonal 4-2 Open 2023"]
[Site "Dimbroko"]
[Date "2023.03.30"]
[Round "8.2"]
[White "Abdulraheem Abdulrahman Akinto"]
[Black "Bobby Ballah"]
[Result "1-0"]
[ECO "C54"]
[WhiteElo "2302"]
[BlackElo "1914"]
[Annotator "TA"]
[PlyCount "113"]
[EventDate "2023.03.25"]
[EventType "swiss"]
[EventCountry "IVO"]
[SourceTitle "playchess.com"]
[Source "ChessBase"]
[SourceQuality "1"]
[TimeControl "40/5400+30:1800+30"]

1. e4 e5 2. Nf3 Nc6 3. Bc4 Nf6 4. d3 Bc5 5. c3 h6 6. b4 Bb6 {[%emt 0:03:25] 6...Be7 is the hot move.} 7. b5 Na5 {[%emt 0:01:36] C54: Giuoco Piano: 4 c3 Nf6, main lines with 5 d4 and 5 d3.} 8. Nxe5 O-O 9. O-O d6 {[%emt 0:01:15] Black is slightly better.} (9... Qe8 $5 10. Ng4 Nxg4 11. Qxg4 d5 $11) 10. Nxf7 Rxf7 11. Bxf7+ Kxf7 12. h3 Bd7 {[%emt 0:05:56][%mdl 1024] Black has compensation.} 13. a4 {[%emt 0:00:50] [#]} Qe7 $146 ({Predecessor:} 13... c6 14. Na3 Be6 15. Be3 Nb3 16. Rb1 Nc5 17. Bd4 Kg8 18. f4 Rc8 19. Kh1 Kh8 {1-0 Ieong,S (1675)-Gomboluudev,E (1625) World ol U16 2015 (9.1)}) 14. Re1 Rf8 15. d4 ({Better is} 15. Be3 $11) 15... Kg8 $15 (15... Nxe4 $2 16. Nd2 $18) 16. Nd2 Qf7 17. Re3 a6 18. Qe2 (18. Rf3 $11 {deserves consideration.} Re8 19. Qc2) 18... Nh5 $17 19. Rf3 Nf4 20. Qe3 c5 $2 ({Reject} 20... axb5 $6 21. Kh2 $11) (20... g5 $1 $17) 21. bxc6 $1 $16 Bxc6 (21... Nxc6 $2 22. Rb1 Bd8 23. Rxb7 $18) (21... bxc6 $16 22. Ba3 c5) 22. Kh2 {[%emt 0:03:00] Strongly threatening Ba3.} Bd8 (22... d5 $142) 23. g3 $18 Bg5 (23... Re8 $142 24. Rxf4 (24. gxf4 Nc4 $16) 24... Bg5 25. Rxf7 Bxe3) 24. gxf4 (24. Ba3 $142) 24... Bxf4+ {[%emt 0:00:17] [#]} 25. Rxf4 $1 Qxf4+ 26. Qxf4 Rf6 (26... Rxf4 27. f3 Rf6) 27. Qf5 Rxf5 28. Nc4 $2 (28. exf5 $18 d5 29. Kg3) 28... Rxf2+ (28... Bxe4 $11 {keeps the balance.} 29. Nxa5 Rxa5) 29. Kg1 $16 Nxc4 30. Kxf2 Bxe4 $14 {[%emt 0:00:00][%mdl 4096] Endgame KRB-KBN} 31. Bf4 g5 32. Bg3 Kf7 33. Ke2 Bc6 34. Rb1 h5 35. Kd3 d5 36. Bc7 Kg6 (36... a5 $11) 37. Bd8 Nd6 {[%emt 0:01:00] White stays focused until the end.} ({Black should play} 37... g4 $1 $14) 38. Rg1 $1 $18 Ne4 {[%emt 0:01:17] [#]} 39. Bxg5 $1 {[%emt 0:03:22][%mdl 64] Remove Defender} Nf2+ {[%emt 0:00:47] [#]} (39... Nxg5 $2 40. h4 $18) (39... Bxa4 $16 40. Bh4+ Kf5) 40. Ke3 $1 Nxh3 41. Rg3 Nxg5 (41... Bd7) 42. Kf4 Kf6 {[%emt 0:00:32] Threatens to win with ...Ne6+.} 43. Rxg5 {[%emt 0:00:17] a5 would be deadly. KR-KB} h4 44. a5 h3 45. Rh5 Bd7 46. Rxd5 Bc6 47. Rh5 Bg2 48. Kg3 Ke6 49. c4 Bf1 50. c5 Bg2 51. Re5+ Kf6 52. Kh2 Bf1 53. Rd5 Bg2 54. Re5 Bf1 55. Kg3 Bg2 56. Rh5 $2 ({White has to play} 56. Re2 $18 Kf7 57. Re5) 56... Kg6 $2 (56... Ke6 $11 57. Kh2 Bf3 58. Re5+ Kf6 59. Kxh3 Bc6) 57. Rxh3 {[%emt 0:05:11] A brilliant game!   Weighted Error Value: White=0.69/Black=0.58} 1-0

[Event "FIDE Zonal 4-2 Open 2023"]
[Site "Dimbroko"]
[Date "2023.03.30"]
[Round "8.3"]
[White "Cogan, Nicolas"]
[Black "Manan, Yoboue Hermann"]
[Result "1-0"]
[ECO "E62"]
[WhiteElo "2013"]
[BlackElo "2015"]
[Annotator "TA"]
[PlyCount "58"]
[EventDate "2023.03.25"]
[EventType "swiss"]
[EventCountry "IVO"]
[SourceTitle "playchess.com"]
[Source "ChessBase"]
[SourceQuality "1"]
[TimeControl "40/5400+30:1800+30"]

1. d4 Nf6 2. c4 g6 3. Nc3 Bg7 4. g3 d6 5. Bg2 c6 6. Nf3 Bf5 7. O-O O-O 8. Nh4 {[%emt 0:01:52] 8.Ne1 deserves study.} Be6 9. d5 Bd7 {[%emt 0:00:54] E62: King's Indian: Fianchetto: 6...c6 and Panno Variation (6...Nc6) without ...a6.} 10. e4 Ng4 {[%emt 0:01:36] [#]} 11. h3 $146 ({Predecessor:} 11. Qe2 cxd5 12. cxd5 Qc7 13. h3 Ne5 14. Bg5 Re8 15. Rac1 Na6 16. f4 Nc4 17. f5 {1-0 Uten (1986)-Anish,R (1616) BAN-chT 1st League 2022 (9.3)}) 11... Ne5 {[%emt 0:00:49] The position is equal.} 12. Qe2 {[%emt 0:00:21] [#] Black must now prevent f4.} Qb6 (12... cxd5 $11 13. cxd5 Qc8) 13. b3 $16 Rc8 14. Bb2 $36 {[%emt 0:03:18][%mdl 2048] White is on the roll.} cxd5 $2 (14... Na6 $16 {was necessary.}) 15. Nxd5 $18 Qd8 16. f4 {[%emt 0:00:34] Wards off f6} Nec6 17. Bxg7 Kxg7 18. Qb2+ f6 (18... Kg8 $142 19. Rad1 Na6) 19. Rae1 {[%emt 0:06:29][%cal Oe4e5] And now e5! would win.} Nb4 $2 (19... Be6 $16 {was called for.} 20. e5 (20. f5 Bf7 $11) 20... Bxd5) 20. Nxb4 Qb6+ 21. Kh2 Qxb4 22. e5 {[%emt 0:00:20] Strongly threatening exf6+.} dxe5 (22... Rf8 23. exf6+ exf6) 23. fxe5 {[%emt 0:00:39] White is clearly winning.} Rf8 24. a3 Qc5 25. Bxb7 {[%emt 0:00:32] b4 would be deadly.} Bc6 26. b4 Qxc4 27. Bxa8 {[%emt 0:00:33] exf6+ is the strong threat.} Bxa8 28. exf6+ exf6 29. Re7+ {[%emt 0:00:21][%mdl 64] [#] Deflection} Kg8 {[%emt 0:01:24] Black got outplayed after the opening.   Weighted Error Value: White=0.18 (very precise) /Black=0.65} 1-0

[Event "FIDE Zonal 4-2 Open 2023"]
[Site "Dimbroko"]
[Date "2023.03.30"]
[Round "8.4"]
[White "Nean, Franck Anderson"]
[Black "De Gondo, Simplice Armel"]
[Result "1-0"]
[ECO "D30"]
[WhiteElo "1851"]
[BlackElo "2086"]
[Annotator "TA"]
[PlyCount "95"]
[EventDate "2023.03.25"]
[EventType "swiss"]
[EventCountry "IVO"]
[SourceTitle "playchess.com"]
[Source "ChessBase"]
[SourceQuality "1"]
[TimeControl "40/5400+30:1800+30"]

1. d4 d5 2. c4 c6 3. Nf3 e6 4. e3 Nd7 5. Bd3 Bd6 6. e4 {[%emt 0:01:07] D30: Queen's Gambit Declined: Systems without Nc3.} dxe4 7. Bxe4 Ngf6 8. Bc2 {[%emt 0:00:12] White has an edge.} b6 9. O-O O-O {[%emt 0:00:04] [#]} 10. Bg5 $146 ({Predecessor:} 10. Nc3 Bb7 11. Qe2 c5 12. dxc5 Bxc5 13. Bg5 h6 14. Bh4 Qe7 15. Rad1 Rad8 16. a3 {½-½ Tunik,G (2486)-Zubov,O (2568) Voronezh op-A 2008 (4)}) 10... Qc7 11. Nc3 Bb7 12. Qd3 g6 (12... a6 $11) 13. Rfe1 $14 a6 14. Rad1 c5 15. d5 (15. Ba4 $14) 15... exd5 $1 $11 16. Nxd5 Nxd5 17. cxd5 Rfe8 {[%emt 0:00:08] Against Qe4} 18. b3 Ne5 19. Nxe5 Bxe5 20. h4 Qd6 21. Qf3 Bd4 22. Be4 f5 23. Bd3 Bxd5 (23... Qxd5 24. Bc4 $11) 24. Bc4 Bxc4 25. bxc4 Qd7 {[%emt 0:01:03][%cal Oe8e4] Prevents Re7.} (25... Rac8 {is interesting.} 26. h5 Re6 27. Rb1 Rce8) 26. Be3 Rad8 27. h5 (27. Bxd4 $1 $11 Rxe1+ 28. Rxe1 cxd4 29. Qb3) 27... Re4 (27... Re6 $15) 28. Bxd4 Rxd4 29. Rxd4 cxd4 {[%emt 0:06:53][%mdl 4096] Endgame KQR-KQR} 30. Qb3 d3 (30... gxh5 31. c5+ Kh8 32. cxb6 $16 (32. Qxb6 Rg8 $14)) 31. c5+ Qd5 32. Qxd5+ Rxd5 33. cxb6 {[%emt 0:00:04] KR-KR} d2 34. Rd1 gxh5 (34... Rb5 $11) 35. a4 $1 $14 {[%emt 0:02:26][%cal Ba2a4,Ba4a5][%mdl 32] Strongly threatening b7.} Rd7 36. a5 $1 Kg7 37. Kf1 $1 Rd5 $1 38. Ke2 Rxa5 39. Rb1 {[%emt 0:00:35][%cal Ob6b7] b7! would be deadly.} ({Reject} 39. Rxd2 $6 Re5+ 40. Kf3 Rb5 $11) (39. Kxd2 Rb5 40. Ra1 (40. Rh1 Kg6 $17) 40... Rxb6 $17) 39... Rd5 40. Kd1 $1 {[%emt 0:00:59] White threatens b7 and mate.} ({Much worse is} 40. b7 $6 d1=Q+ 41. Rxd1 Re5+ 42. Kf3 Rb5 $11) 40... Rd8 $1 {[%emt 0:00:04] [#]} 41. b7 (41. Ra1 $1 $16) 41... Rb8 $11 42. Kxd2 Kf6 {[%emt 0:00:39] [#]} (42... Kf8 $11 {remains equal.}) 43. Ke3 ({White should play} 43. Rb6+ $1 $16 Ke7 44. Rh6 (44. Rxa6 Rxb7 45. Rh6 Rb2+ 46. Ke3 Kf7 $11)) 43... Ke5 44. g3 f4+ 45. gxf4+ $16 Kf5 $2 (45... Kd6 $16 {is tougher.}) 46. Kf3 $2 (46. Kd4 $18 {Threatens to win with Kd5.} h4 47. Kd5) 46... h4 $11 47. Rb6 Rxb7 $2 48. Rxb7 {[%emt 0:07:02] Weighted Error Value: White=0.24 (precise) /Black=0.42} 1-0

[Event "FIDE Zonal 4-2 Open 2023"]
[Site "Dimbroko"]
[Date "2023.03.30"]
[Round "8.5"]
[White "Barcon, Harmon"]
[Black "Kennedy Zinnah Kengo"]
[Result "1/2-1/2"]
[ECO "C01"]
[WhiteElo "1928"]
[BlackElo "1785"]
[Annotator "TA"]
[PlyCount "136"]
[EventDate "2023.03.25"]
[EventType "swiss"]
[EventCountry "IVO"]
[SourceTitle "playchess.com"]
[Source "ChessBase"]
[SourceQuality "1"]
[TimeControl "40/5400+30:1800+30"]

1. e4 e6 2. d4 d5 3. exd5 exd5 4. Nf3 Nf6 5. Bd3 Bd6 6. O-O O-O 7. h3 h6 8. Re1 Nbd7 {[%emt 0:00:44] C01: French: Exchange Variation.} 9. Nbd2 c5 10. c3 c4 {[%emt 0:01:04] [#] The position is equal.} 11. Bf1 $146 ({Predecessor:} 11. Bc2 Re8 12. b3 b5 13. a4 b4 14. cxb4 cxb3 15. Rxe8+ Qxe8 16. Bxb3 Bxb4 17. Nf1 {0-1 Ushenina,A (2409)-Mamedjarova,T (2223) Wch U20 Girls 2005 (11)}) 11... Re8 12. b3 cxb3 13. axb3 Nf8 14. Bd3 a6 15. Bb2 Be6 16. c4 (16. Ne5 $14 {was preferrable.}) 16... Rc8 17. Rc1 (17. c5 $5 Bc7 18. b4 $14) 17... b6 18. cxd5 Bxd5 19. Rxe8 Qxe8 20. Bxa6 (20. Rxc8 {simplifies} Qxc8 21. Nc4 Qc7 22. Nxd6 Qxd6 23. Bxa6 Qb4 24. Bf1) 20... Ra8 21. Bc4 Ra2 {[%emt 0:00:20] Hoping for ...Bxf3.} 22. Bc3 (22. Bxd5 {simplifies} Nxd5 23. Nc4 Bb4 24. Rc2) 22... b5 23. Bd3 (23. Bf1 $1 $11) 23... b4 $17 24. Ba1 Bf4 {[%emt 0:00:43] Repels Ne5} (24... Qa8 $1 $15 25. Bc4 Ne6 26. Bxd5 Nxd5) 25. Rc2 $11 Qa8 26. Rxa2 Qxa2 27. Qb1 Qa8 {[%emt 0:04:26] Threatens to win with ...Bxd2.} 28. Bf1 Ne4 29. Nxe4 Bxe4 30. Qd1 Qa2 31. d5 Bxd5 {[%emt 0:03:28][%mdl 64] [#] Deflection} 32. Qxd5 (32. Qd4 {is more complex.} Ne6 33. Qxd5 Qxa1 34. g3) 32... Qxa1 33. g3 Bc7 34. Qb7 Qc3 (34... Bd6 $11 {remains equal.}) 35. Bc4 $16 {[%emt 0:00:22] Kg2 is the strong threat.} Ne6 36. Kg2 Kf8 37. Ng1 (37. h4 $18) 37... Bd6 {[%emt 0:01:03] [#]} 38. Ne2 (38. Qd7 $1 $16 Be5 39. Nf3) 38... Qf6 $11 39. Qd7 Qe7 (39... Bc5 {looks sharper.} 40. Qc8+ Ke7 41. f4 Qf5) 40. Qc8+ Nd8 41. Qf5 g6 42. Qd3 Nc6 43. f4 (43. Qd2 $5) 43... Qf6 44. Qe4 $40 {[%emt 0:00:50][%mdl 128] White attacks.} Ne7 45. h4 h5 46. Nd4 Bc5 47. Nf3 Qf5 48. Qe5 Qc2+ 49. Kh3 {[%emt 0:00:19] Really sharp!} Qf5+ 50. Qxf5 Nxf5 $14 {[%emt 0:00:09][%mdl 4096] Endgame KBN-KBN} 51. Ne5 {[%emt 0:00:14] aiming for Nd7+.} Bf2 (51... Bd4 $14) 52. Bxf7 $16 (52. Nxf7 $6 Kg7 $11) 52... Bxg3 $2 (52... Nxg3 $16 53. Kg2 (53. Nxg6+ $2 {loses.} Kxf7 54. Ne5+ Ke6 $19) (53. Bxg6 Ne2 $16) 53... Bd4 54. Kxg3 Bxe5 55. Bxg6 Bc3 56. Bxh5 Kg7) 53. Bxg6 $18 (53. Nxg6+ $2 {is the wrong capture.} Kxf7 54. Ne5+ Ke6 $19) 53... Bxf4 54. Nd3 Nd4 55. Nxf4 Nxb3 56. Nd3 ({Not} 56. Nxh5 Nd2 57. Nf4 Kg7 $18) (56. Nd5 $142 Kg7 57. Bxh5) 56... Nd4 57. Be4 b3 58. Kg3 Ke7 59. Kf4 Kf6 60. Ke3 Nc2+ 61. Kd2 $2 (61. Kf3 $18 Na3 62. Nb2) 61... Nd4 $11 62. Ke3 $2 (62. Ne1 $11) 62... Nc2+ $1 $18 63. Kf4 Nd4 64. Nb2 Ne6+ 65. Ke3 Ng7 66. Nd3 Ne6 67. Bg2 Nf8 68. Nf4 (68. Kf4 $142) 68... Ng6 {[%emt 0:00:00] Weighted Error Value: White=0.17 (very precise) /Black=0.16 (very precise)} 1/2-1/2

[Event "FIDE Zonal 4-2 Open 2023"]
[Site "Dimbroko"]
[Date "2023.03.30"]
[Round "8.6"]
[White "Thomas, Saah"]
[Black "Egbe, Kossi Thierry"]
[Result "1/2-1/2"]
[ECO "B12"]
[WhiteElo "1916"]
[BlackElo "1740"]
[Annotator "TA"]
[PlyCount "101"]
[EventDate "2023.03.25"]
[EventType "swiss"]
[EventCountry "IVO"]
[SourceTitle "playchess.com"]
[Source "ChessBase"]
[SourceQuality "1"]
[TimeControl "40/5400+30:1800+30"]

1. e4 c6 2. d4 d5 3. f3 g6 4. Bd3 Bg7 5. e5 {[%emt 0:00:03] [#]} c5 $1 6. c3 {[%emt 0:00:04] B12: Caro-Kann: Advance Variation.} Nc6 7. Ne2 e6 {[%emt 0:03:02] [#]} 8. b3 $146 {[%emt 0:01:16] The position is equal.} (8. dxc5 Nxe5 9. Na3 Nxd3+ 10. Qxd3 a6 $15) ({Predecessor:} 8. Be3 Nge7 {½-½ Dimitrijevic,R (2268)-Zlatkovic,M (2102) Belgrade-chT 2014 (2.5)}) 8... Nge7 9. O-O (9. dxc5 Nxe5 10. O-O O-O $17) 9... a6 10. Bg5 (10. dxc5 Nxe5 11. Bc2 N5c6 $15) (10. Ba3 $14) 10... Qc7 11. f4 (11. dxc5 Nxe5 12. Be3 Nxd3 13. Qxd3 h5 $17) 11... cxd4 12. cxd4 (12. Nxd4 Nxd4 13. cxd4 Qb6 $15) 12... Nb4 13. Nbc3 Nxd3 14. Qxd3 Nc6 15. Rac1 {[%emt 0:00:17][%cal Of4f5] White is more active.} Bd7 16. g4 h6 17. Bh4 h5 $2 (17... Bf8 $14) 18. gxh5 $2 (18. f5 $1 $18 gxf5 19. gxf5) 18... Rxh5 $11 19. Bg5 Qb6 ({Black should try} 19... Qa5 $1 $15) 20. Na4 Qa7 {[%emt 0:06:35][%cal Oc6e5] Strongly threatening ...Nxe5!} 21. Qe3 Ne7 $2 {[%emt 0:03:45][%mdl 8192] [#]} (21... Bf8 $11 {and Black is okay.}) 22. Rc7 $2 ({Only move:} 22. Bxe7 $1 $18 Kxe7 23. Rc7) 22... Nf5 $15 23. Qf2 Bc6 24. Rc1 (24. Ng3 $15) 24... Qb8 $17 25. R7xc6 bxc6 26. Rxc6 Qb7 $36 {[%emt 0:01:37][%mdl 2048] Black has strong initiative.} 27. Rc2 Bf8 28. Ng3 Nxg3 29. hxg3 Rc8 30. Kg2 (30. Qd2 $17) 30... Rc6 $19 31. g4 (31. Bf6 {keeps fighting.}) 31... Rh7 32. Nc5 Bxc5 33. dxc5 Qb4 {[%emt 0:02:12] Dodges Qd4} 34. Qe3 Kd7 35. Bf6 Kc7 36. Be7 Kd7 $2 (36... Kb7 $19 {White must now prevent ...Qa5.} 37. Rc1 Qa5) 37. Bd6 $2 {[%emt 0:00:18] [#]} (37. Bf6 $11) 37... g5 38. a3 $2 (38. Rf2 $1 $15) 38... Qxa3 (38... Qxf4 39. Qxf4 gxf4 40. Rf2 $17) 39. fxg5 Qa1 {[%emt 0:00:12] ( -> ...Qh1+)} 40. Qg1 {[%emt 0:05:23] Repels Qh1+} Qxg1+ 41. Kxg1 {[%emt 0:30:07][%mdl 4096] Endgame KRR-KRB} Rh3 $2 (41... Rc8 $19 {Hoping for ...Rch8.} 42. Ra2 Ra8) 42. Rf2 $11 Ke8 (42... Rxb3 43. Rxf7+ Ke8 44. Re7+ Kd8 45. Kf2 $18) 43. g6 fxg6 (43... Rxb3 {gets mated.} 44. gxf7+ Kd7 45. f8=Q (45. f8=B Rg3+ 46. Kf1 Rxg4 $18) 45... Rb1+ 46. Kg2) 44. Rf6 Rg3+ 45. Kf2 Rxg4 ({Much less strong is} 45... Rxb3 46. Rxe6+ Kf7 47. Rf6+ Kg7 48. Bf8+ Kg8 49. Rxc6 $18) 46. Rxe6+ Kd7 47. Re7+ Kd8 48. Rg7 Re4 49. Rxg6 (49. Rg8+ $11 Kd7 50. Rg7+ Ke6 51. Kf3 (51. Rxg6+ Kf5 $15)) 49... Rxe5 $1 $15 50. Rg8+ Re8 51. Rg5 {[%emt 0:00:38] Whites escaped into a draw.   Weighted Error Value: White=0.49/Black=0.48} 1/2-1/2

[Event "FIDE Zonal 4-2 Open 2023"]
[Site "Dimbroko"]
[Date "2023.03.30"]
[Round "8.7"]
[White "Harold Evans"]
[Black "James, Tondo"]
[Result "0-1"]
[ECO "B13"]
[WhiteElo "1714"]
[BlackElo "1867"]
[Annotator "NA RC COMBH"]
[PlyCount "82"]
[EventDate "2023.03.25"]
[EventType "swiss"]
[EventCountry "IVO"]
[SourceTitle "playchess.com"]
[Source "ChessBase"]
[SourceQuality "1"]
[TimeControl "40/5400+30:1800+30"]

1. e4 c6 2. d4 d5 3. exd5 cxd5 4. Nc3 Bf5 5. Bd3 Bg6 6. Nf3 e6 7. Be3 Bb4 8. Bxg6 hxg6 9. Qd3 Qa5 10. Bd2 Nc6 11. a3 Nge7 12. O-O Bd6 13. h3 a6 14. b4 Qc7 15. b5 Na5 16. bxa6 bxa6 17. Rfb1 Nc4 18. Rb3 O-O 19. Nd1 Rfc8 20. c3 Nc6 21. a4 N6a5 22. Rbb1 Rab8 23. Be1 Qc6 24. g3 Rxb1 25. Qxb1 Rb8 26. Qd3 Rb3 27. Ng5 Be7 28. h4 e5 29. dxe5 Nxe5 30. Qe2 $17 Nac4 31. f4 f6 32. Nh3 Bc5+ 33. Bf2 Nf7 34. Qc2 Rb8 35. Qxg6 Bxf2+ 36. Nhxf2 Re8 37. Qd3 Re1+ 38. Kg2 d4+ 39. Kh3 Rxd1 40. Nxd1 Qh1+ 41. Kg4 Nfe5+ 0-1